 Dungeon Crawl Stone Soup version 0.29.1-2-gbd0b4ee654 (webtiles) character file.

Game seed: 7330076068166257298

103 GorkyZ the Covered (level 4, -1/29 HPs)
             Began as a Gargoyle Fighter on Nov 14, 2022.
             Killed from afar by a white imp (5 damage)
             ... with a puff of frost
             ... on level 4 of the Dungeon.
             The game lasted 00:12:20 (3109 turns).

GorkyZ the Covered (Gargoyle Fighter)               Turns: 3109, Time: 00:12:21

Health: -1/29      AC: 11    Str: 21    XL:     4   Next: 79%
Magic:  4/4        EV:  9    Int:  9    God:
Gold:   115        SH:  4    Dex:  9    Spells: 3/3 levels left

rFire   . . .      SeeInvis .   p - +2 short sword (protect)
rCold   + . .      Faith    .   c - +0 buckler
rNeg    + . .      Spirit   .   b - +0 scale mail
rPois   ∞          Reflect  .   (no helmet)
rElec   +          Harm     .   (no cloak)
rCorr   .          Rampage  .   (no gloves)
Will    .....                   f - +0 pair of boots
Stlth   ..........              (no amulet)
HPRegen 0.09/turn               t - ring of protection from cold
MPRegen 0.09/turn               (no ring)

@: no status effects
A: sickness immunity, AC +3, negative energy resistance 1, electricity
resistance, torment resistance 1, petrification resistance
a: no special abilities


You were on level 4 of the Dungeon.
You visited 1 branch of the dungeon, and saw 4 of its levels.

You collected 155 gold pieces.
You spent 40 gold pieces at shops.

Inventory:

Hand Weapons
 a - a +0 flail
 p - a +2 short sword of protection (weapon)
Armour
 b - a +0 scale mail (worn)
 c - a +0 buckler (worn)
 f - a +0 pair of boots (worn)
Jewellery
 t - a ring of protection from cold (left hand)
 v - a ring of magical power
 x - a ring of resist corrosion
Scrolls
 e - a scroll of noise {unknown}
 g - 5 scrolls of identify
 h - a scroll of butterflies {unknown}
 i - 2 scrolls of vulnerability {unknown}
 m - a scroll of enchant weapon {unknown}
 n - a scroll of teleportation {unknown}
 o - a scroll of acquirement {unknown}
 q - a scroll of immolation {unknown}
 r - 4 scrolls of enchant armour {unknown}
 s - a scroll of torment {unknown}
Potions
 d - 2 potions of might
 j - a potion of magic {unknown}
 k - a potion of flight {unknown}
 l - a potion of lignification {unknown}
 u - 2 potions of mutation {unknown}
 w - 2 potions of heal wounds {unknown}


   Skills:
 + Level 3.9 Fighting
 + Level 1.5 Short Blades
 + Level 2.8 Maces & Flails
 + Level 4.0 Armour
 + Level 3.8 Shields


You had 3 spell levels left.
You didn't know any spells.
Your spell library was empty.

Dungeon Overview and Level Annotations

Branches:
Dungeon (4/15)
 Temple: D:4-7

Altars:

Shops:
D:1 ?=*

Annotations:
D:1 2 transporters


Innate Abilities, Weirdness & Mutations

You are immune to sickness and miasma.
Your stone body is resilient. (AC +3)
You are immune to poison.
You resist negative energy. (rN+)
You are resistant to electric shocks. (rElec)
You are resistant to unholy torment.
You are immune to petrification.


Message History

You are too injured to fight recklessly!
You are too injured to fight recklessly!
You are too injured to fight recklessly!
You are too injured to fight recklessly!
You are too injured to fight recklessly!
You are too injured to fight recklessly!
You are too injured to fight recklessly!
You are too injured to fight recklessly!
You are too injured to fight recklessly!
You are too injured to fight recklessly!
You are too injured to fight recklessly!
You are too injured to fight recklessly!
You are too injured to fight recklessly!
You are too injured to fight recklessly!
You are too injured to fight recklessly!
You are too injured to fight recklessly!
You are too injured to fight recklessly!
You are too injured to fight recklessly!
You are too injured to fight recklessly!
You hit the white imp but do no damage.
The white imp is moderately wounded.
The white imp hits you.
* * * LOW HITPOINT WARNING * * *
The white imp freezes you. You resist.
* * * LOW HITPOINT WARNING * * *
You hit the white imp but do no damage.
The white imp is moderately wounded.
The white imp gestures at you.
The puff of frost hits you but does no damage.
The white imp hits you but does no damage.
You hit the white imp but do no damage.
The white imp is moderately wounded.
The white imp hits you but does no damage.
The white imp barely misses you.
Items here: )) ††††.
There is a stone staircase leading up here.
You can't go down here!
The white imp gestures at you. The puff of frost hits you. You resist.
You die...

#.. ...
#..###
#..#@#
#..#5# #
#..#.#
....#..#)#
......)..#
.......###
....#.#
...... .
.##


You could see a white imp.

Vanquished Creatures
  3 gnolls (D:4)
  An adder (D:3)
  2 dart slugs
  2 orcs
  5 ball pythons
  3 endoplasms
  A giant cockroach (D:1)
  6 goblins
  3 hobgoblins
  4 jackals (D:4)
  7 kobolds
  4 quokkas
  5 bats
  7 frilled lizards
  7 rats
60 creatures vanquished.

Vanquished Creatures (others)
  4 plants
4 creatures vanquished.

Grand Total: 64 creatures vanquished

Notes
Turn   | Place    | Note
-------+----------+-------------------------------------------
     0 | D:1      | GorkyZ the Gargoyle Fighter began the quest for the Orb.
     0 | D:1      | Reached XP level 1. HP: 14/14 MP: 1/1
   265 | D:1      | Found Vixziceotz's Magic Scroll Shop.
   298 | D:1      | Found Caukeize's Jewellery Shop.
   351 | D:1      | Found Morepneu's Assorted Antiques.
   423 | D:1      | Reached XP level 2. HP: 19/19 MP: 2/2
  1123 | D:1      | Reached XP level 3. HP: 24/24 MP: 3/3
  1250 | D:1      | Bought a scroll of identify for 20 gold pieces
  1250 | D:1      | Bought a scroll of identify for 20 gold pieces
  2285 | D:3      | Reached XP level 4. HP: 29/29 MP: 4/4
  2527 | D:3      | Found a faded altar of an unknown god.
  2595 | D:3      | Reached skill level 1 in Short Blades
  3088 | D:4      | Reached skill level 4 in Armour
  3109 | D:4      | Killed from afar by a white imp

Illustrated notes

Levels and vault maps discovered:
D:1:      spicycebolla_arrival_transporter_tutorial, layout_basic, serial_shops,
          shop, nicolae_shop_hallway_plus, shop, amcnicky_mini_corridor_feature
D:2:      layout_basic, serial_forest, infiniplex_forest_clump_double,
          infiniplex_forest_lined_3, infiniplex_forest_lined_ring,
          infiniplex_forest_3_way, infiniplex_forest_clump_double,
          infiniplex_forest_end_1, minmay_misc_feat_chi, dreamdust_wishing_well,
          minmay_goblin_kobold_house
D:3:      cheibrodos_old_hovel, layout_loops_cross,
          dreamdust_ecumenical_altar_statues, hangedman_decor_peaks_small
D:4:      layout_basic, serial_shops, kennysheep_little_box,
          palyth_stone_intersect, nicolae_underground_beach

Skill      XL: |  1  2  3  4 |
---------------+-------------+-----
Short Blades   | 1 |  1.5
Armour         | 4 |  4.0
Fighting       | |  3.9
Maces & Flails | |  2.8
Shields        | |  3.8

Action                   |  1- 3 |  4- 6 || total
-------------------------+-------+-------++-------
Melee: Flail             |    77 |       ||    77
       Short sword       |    66 |   111 ||   177
Armor: Scale mail        |    82 |    64 ||   146
Dodge: Dodged            |    62 |    60 ||   122
Block: Buckler           |    29 |    28 ||    57
